 Dungeon Crawl Stone Soup version 0.22.0 (webtiles) character file.

781 Kirk the Conjurer (level 7, 0/46 HPs)
             Began as a Demonspawn Wizard on Aug 12, 2018.
             Slain by an orc
             ... wielding a cursed -1 trident
              (11 damage)
             ... on level 4 of the Dungeon.
             The game lasted 00:11:54 (4686 turns).

Kirk the Conjurer (Demonspawn Wizard)               Turns: 4686, Time: 00:11:55

Health: 0/46       AC:  2    Str:  7    XL:     7   Next: 55%
Magic:  1/15       EV: 12    Int: 22    God:
Gold:   167        SH:  0    Dex: 11    Spells: 8/17 levels left

rFire    . . .     SeeInvis .   g - +1 dagger (venom)
rCold    . . .     Gourm    .   (no shield)
rNeg     . . .     Faith    .   a - +0 robe
rPois    .         Spirit   .   b - +0 hat
rElec    .         Reflect  .   (no cloak)
rCorr    .         Harm     .   (no gloves)
MR       .....                  r - -1 pair of boots (curse)
Stlth    ++........             (no amulet)
HPRegen  0.15/turn              (no ring)
MPRegen  0.14/turn              (no ring)

@: lethally poisoned (0 -> -3)
A: horns 2
a: no special abilities


You were on level 4 of the Dungeon.
You were hungry.

You visited 1 branch of the dungeon, and saw 4 of its levels.

You collected 167 gold pieces.

Inventory:

Hand Weapons
 g - a +1 dagger of venom (weapon)
 l - a +0 blowgun
 m - a +2 spear of piercing
 n - a +1 dagger of venom
 p - a +2 spear of pain
Missiles
 e - 4 silver tomahawks (quivered)
 o - 8 poisoned needles
 s - 3 silver javelins
Armour
 a - a +0 robe (worn)
 b - a +0 hat (worn)
 h - a +1 scale mail of poison resistance
 r - a cursed -1 pair of boots (worn)
Wands
 f - a wand of digging (9)
 k - a wand of scattershot (4)
Scrolls
 c - a scroll of teleportation
 j - 2 scrolls of identify
Comestibles
 d - 7 rations


   Skills:
 + Level 1.2 Short Blades
 - Level 1.7 Dodging
 - Level 1.7 Stealth
 + Level 5.8 Spellcasting
 * Level 6.2 Conjurations
   Level 1.0 Summonings
 + Level 0.8 Translocations


You had 8 spell levels left.
You knew the following spells:

 Your Spells              Type           Power        Failure   Level  Hunger
a - Magic Dart            Conj           ####         1%          1    None
b - Blink                 Tloc           N/A          10%         2    None
c - Conjure Flame         Conj/Fire      ###.....     8%          3    ##.....
d - Mephitic Cloud        Conj/Pois/Air  ###.....     12%         3    ##.....

Your spell library contained the following spells:

 Spells                   Type           Power        Failure   Level  Hunger
 Apportation              Tloc           ##....       7%          1    None
 Slow                     Hex            #.......     14%         2    None
 Confuse                  Hex            #.......     28%         3    ##.....
 Summon Small Mammal      Summ           ##..         6%          1    None
 Animate Skeleton         Necr           N/A          10%         1    None
 Call Imp                 Summ           ##......     10%         2    None
 Tukima's Dance           Hex            #.......     28%         3    ##.....
 Confusing Touch          Hex            #.....       10%         1    None
 Ensorcelled Hibernation  Hex/Ice        #.....       14%         2    None
 Corona                   Hex            #......      10%         1    None
 Dazzling Spray           Conj/Hex       ###...       8%          3    ##.....


Dungeon Overview and Level Annotations

Branches:
Dungeon (4/15)
 Temple: D:4-7

Altars:
Sif Muna
Xom

Annotations:
D:3 3 runed doors, Tali's ghost, amateur DsBe


Innate Abilities, Weirdness & Mutations

You have a pair of horns on your head.


Message History

The orc misses you.
Evoke which item? (* to show all) (? for menu, Esc to quit)
Aiming: Scattershot
Press: ? - help, Shift-Dir - straight line, f/p - orc wizard
Aim: an orc wizard, wielding a dagger of venom and wearing a robe (heavily wounded, fast, poisoned)
The burst of metal fragments hits the orc wizard.
You kill the orc wizard!
You feel sick. The orc misses you.
Evoke which item? (* to show all) (? for menu, Esc to quit)
Okay, then.
You feel sick.
You feel sick. The orc closely misses you.
Things that are here:
a trident; a scale mail The orc hits you with a trident.
* * * LOW HITPOINT WARNING * * *
You hit the orc.
The orc is poisoned.
The orc is moderately wounded.
You feel sick. The orc hits you with a trident!
You die...

# .##. #### .....##..##
..........# #†.......###
.##.........# ........)).##
........)@..# ........o.###
.......)#### ........##.#
........##.# ........##.####
.........#..#.#
....##....#..##
.o........[..#..#...#####...


You could see an orc.

Vanquished Creatures
  Grinder (D:3)
  An ogre (D:4)
  2 hounds (D:4)
  2 orc priests (D:4)
  Jessica (D:2)
  Terence (D:2)
  4 orc wizards (D:4)
  A worker ant (D:4)
  9 adders
  A shadow imp (D:4)
  An ooze (D:4)
  4 worms
  3 dart slugs (D:1)
  5 leopard geckos
  4 orcs
  3 ball pythons
  10 bats
  3 giant cockroaches
  9 goblins
  9 hobgoblins
  4 quokkas
  7 frilled lizards
  10 kobolds
  17 rats
112 creatures vanquished.

Notes
Turn   | Place    | Note
-------+----------+-------------------------------------------
     0 | D:1      | Kirk the Demonspawn Wizard began the quest for the Orb.
     0 | D:1      | Reached XP level 1. HP: 13/13 MP: 4/4
   480 | D:1      | Gained mutation: You have a pair of small horns on your head. [demonic ancestry]
   480 | D:1      | Reached XP level 2. HP: 19/19 MP: 1/6
  1220 | D:1      | Reached XP level 3. HP: 24/24 MP: 4/8
  1349 | D:1      | Reached skill level 2 in Conjurations
  1724 | D:2      | Noticed Jessica
  1732 | D:2      | Killed Jessica
  1732 | D:2      | Gained mutation: You have a pair of horns on your head. [demonic ancestry]
  1732 | D:2      | Reached XP level 4. HP: 17/30 MP: 2/10
  1893 | D:2      | Found an iron altar of Okawaru.
  1895 | D:2      | Found a shimmering altar of Xom.
  1895 | D:2      | Found a hazy altar of Hepliaklqana.
  1897 | D:2      | Found a glowing silver altar of Zin.
  1897 | D:2      | Found a glowing silver altar of Zin.
  1897 | D:2      | Found a shimmering altar of Xom.
  2375 | D:2      | Reached skill level 3 in Conjurations
  2437 | D:2      | Noticed Terence
  2516 | D:2      | Learned a level 2 spell: Blink
  2520 | D:2      | Learned a level 3 spell: Conjure Flame
  2524 | D:2      | Learned a level 3 spell: Mephitic Cloud
  2573 | D:2      | Killed Terence
  2573 | D:2      | Reached XP level 5. HP: 31/35 MP: 7/11
  3353 | D:3      | Noticed Tali's ghost (amateur DsBe)
  3502 | D:3      | Found a runed gate.
  3502 | D:3      | Found a runed gate.
  3502 | D:3      | Found a runed gate.
  3529 | D:3      | Noticed Grinder
  3788 | D:3      | Reached skill level 4 in Conjurations
  3836 | D:3      | Killed Grinder
  3836 | D:3      | Reached skill level 5 in Spellcasting
  3836 | D:3      | Reached skill level 5 in Conjurations
  3836 | D:3      | Reached XP level 6. HP: 41/41 MP: 13/13
  3970 | D:3      | Found a deep blue altar of Sif Muna.
  4248 | D:4      | Reached XP level 7. HP: 16/46 MP: 1/15
  4251 | D:4      | Reached skill level 1 in Short Blades
  4672 | D:4      | Reached skill level 6 in Conjurations
  4686 | D:4      | Slain by an orc

Skill      XL: |  1  2  3  4  5  6  7 |
---------------+----------------------+-----
Conjurations   | 2 3 5 6 |  6.2
Spellcasting   | 4 5 |  5.8
Short Blades   | 1 |  1.2
Dodging        | |  1.7
Stealth        | |  1.7
Summonings     | |  1.0
Translocations | |  0.8

Action                   |  1- 3 |  4- 6 |  7- 9 || total
-------------------------+-------+-------+-------++-------
Melee: Unarmed           |    10 |       |       ||    10
       Headbutt          |     1 |     6 |     2 ||     9
       Dagger            |    28 |    49 |    17 ||    94
 Cast: Magic Dart        |    84 |   150 |    24 ||   258
       Conjure Flame     |       |     1 |     1 ||     2
       Mephitic Cloud    |       |     1 |     2 ||     3
Evoke: Wand              |       |     2 |     1 ||     3
  Use: Scroll            |       |     8 |       ||     8
       Potion            |       |     1 |       ||     1
 Stab: Sleeping          |       |     1 |       ||     1
  Eat: Chunk             |     2 |     8 |     1 ||    11
Armor: Robe              |    16 |     5 |       ||    21
       Skin              |       |     1 |     6 ||     7
Dodge: Dodged            |    33 |    38 |    18 ||    89
